 Dungeon Crawl Stone Soup version 0.29.1-1-gd02db6906a (webtiles) character file.

Game seed: 13986499930094349145

77 tardwrangler69 the Trooper (level 4, 0/29 HPs)
             Began as a Gargoyle Chaos Knight on Sept 28, 2022.
             Was a Plaything of Xom.
             Slain by Natasha (7 damage)
             ... on level 2 of the Dungeon.
             The game lasted 00:01:27 (1843 turns).

tardwrangler69 the Trooper (Gargoyle Chaos Knight)  Turns: 1843, Time: 00:01:27

Health: 0/29       AC: 10    Str: 17    XL:     4   Next: 33%
Magic:  4/4        EV: 11    Int: 13    God:    Xom [..*...]
Gold:   120        SH:  0    Dex:  9    Spells: 3/3 levels left

rFire   . . .      SeeInvis .   a - +0 hand axe (chaos)
rCold   . . .      Faith    .   (no shield)
rNeg    + . .      Spirit   .   b - +2 leather armour
rPois   ∞          Reflect  .   (no helmet)
rElec   +          Harm     .   g - +1 cloak
rCorr   .          Rampage  .   (no gloves)
Will    .....                   (no boots)
Stlth   +.........              (no amulet)
HPRegen 0.09/turn               (no ring)
MPRegen 0.09/turn               (no ring)

@: no status effects
A: sickness immunity, AC +3, negative energy resistance 1, electricity
resistance, torment resistance 1, petrification resistance
a: Renounce Religion


You were on level 2 of the Dungeon.
You worshipped Xom.
You were a toy of Xom.
You visited 1 branch of the dungeon, and saw 2 of its levels.

You collected 120 gold pieces.

Inventory:

Hand Weapons
 a - a +0 hand axe of chaos (weapon)
Armour
 b - a +2 leather armour (worn)
 g - a +1 cloak (worn)
Scrolls
 d - 4 scrolls of identify {unknown}
 e - 2 scrolls of magic mapping {unknown}
 f - 2 scrolls of enchant armour {unknown}
 j - a scroll of noise {unknown}
Potions
 i - a potion of might {unknown}
Miscellaneous
 c - a piece from Xom's chessboard (15/15) (quivered)


   Skills:
 + Level 4.1 Fighting
 * Level 4.0 Axes
 - Level 2.1 Armour
 - Level 0.7 Dodging


You had 3 spell levels left.
You didn't know any spells.
Your spell library was empty.

Dungeon Overview and Level Annotations

Branches:
Dungeon (2/15)

Altars:
Vehumet

Annotations:
D:2 Natasha


Innate Abilities, Weirdness & Mutations

You are immune to sickness and miasma.
Your stone body is resilient. (AC +3)
You are immune to poison.
You resist negative energy. (rN+)
You are resistant to electric shocks. (rElec)
You are resistant to unholy torment.
You are immune to petrification.


Message History

Your surroundings suddenly seem different.
Your surroundings suddenly seem different.
Natasha, a giant cockroach and a rat come into view.
Found an encrusted garnet ring.
Found an escape hatch in the ceiling and an escape hatch in the floor.
There is an escape hatch in the ceiling here.
Natasha hisses angrily.
You hit Natasha but do no damage.
Natasha seems to speed up.
Natasha claws you. Natasha claws you but does no damage.
You hit Natasha.
Natasha is lightly wounded.
Natasha claws you but does no damage.
You hit Natasha.
Natasha's magic leaks into the air.
Natasha is moderately wounded.
Natasha claws you! Natasha claws you but does no damage.
You barely miss Natasha.
Natasha is moderately wounded.
Natasha closely misses you.
You miss Natasha.
Natasha is moderately wounded.
Natasha's magic is no longer disrupted.
Natasha claws you but does no damage. Natasha claws you.
You hit Natasha. You freeze Natasha.
Natasha is heavily wounded.
Natasha barely misses you. Natasha claws you.
You barely miss Natasha.
Natasha is heavily wounded.
Natasha closely misses you.
You hit Natasha.
Natasha is poisoned.
Natasha is severely wounded.
Natasha closely misses you. Natasha barely misses you.
You closely miss Natasha.
Natasha is severely wounded.
Natasha claws you.
* * * LOW HITPOINT WARNING * * *
Natasha claws you but does no damage.
You closely miss Natasha.
Natasha is severely wounded.
Natasha claws you!
You die...

#.......# #. #####...# #. #
#.#.#####.# .#
#.#.......#######.##
#.##.###...........##
######.............r<..>.##
#..)....#.......rB..B.......
#.#####.#..#####h###.....###
#.# #.#..# #@# ##...## #.#
#.#............=.## #.#
#.#...####.#####.# ..#
#.#...# #.# .. ### #.#....
..# #.... .# #.# #.. $....
.# #.# #.# .#... .#
###.####.#..# # .#
#........#..# .#


You could see Natasha (fast, very poisoned), a giant cockroach and a rat.

Vanquished Creatures
  Terence (D:2)
  An adder (D:2)
  2 dart slugs (D:1)
  4 endoplasms
  5 hobgoblins (D:1)
  4 jackals (D:1)
  2 kobolds
  2 quokkas (D:1)
  5 ball pythons (D:1)
  4 bats
  A frilled lizard (D:1)
  2 goblins (D:2)
  4 rats
37 creatures vanquished.

Notes
Turn   | Place    | Note
-------+----------+-------------------------------------------
     0 | D:1      | tardwrangler69 the Gargoyle Chaos Knight began the quest
                  | for the Orb.
     0 | D:1      | Reached XP level 1. HP: 14/14 MP: 1/1
   317 | D:1      | Reached XP level 2. HP: 13/19 MP: 2/2
   368 | D:1      | XOM: silly message
   822 | D:1      | Reached XP level 3. HP: 24/24 MP: 3/3
   894 | D:1      | XOM: cloud trail
  1473 | D:2      | XOM: silly message
  1657 | D:2      | Found a radiant altar of Vehumet.
  1667 | D:2      | Noticed Terence
  1680 | D:2      | Killed Terence
  1681 | D:2      | Reached XP level 4. HP: 15/29 MP: 4/4
  1828 | D:2      | Noticed Natasha
  1828 | D:2      | XOM: 5-stop teleportation journey
  1843 | D:2      | Slain by Natasha

Illustrated notes

Levels and vault maps discovered:
D:1:      psy_arrival_conway, layout_basic, serial_corexii_hall,
          corexii_hall_statues_deadend, corexii_hall_statues_x,
          corexii_hall_statues_l, chequers_hall_statues_y
D:2:      layout_loops_ring, basic_altar, uniq_natasha, uniq_terence

Skill      XL: |  1  2  3 |
---------------+----------+-----
Axes           | 3 4 |  4.0
Fighting       | 4 |  4.1
Armour         | |  2.1
Dodging        | |  0.7

Action                   |  1- 3 |  4- 6 || total
-------------------------+-------+-------++-------
Melee: Hand axe          |    94 |    10 ||   104
       Punch             |     2 |       ||     2
  Use: Potion            |     1 |       ||     1
Armor: Leather armour    |    34 |     5 ||    39
Dodge: Dodged            |    46 |     5 ||    51
